 Dungeon Crawl Stone Soup version 0.31-a0-95-g6fa058ef04 (webtiles) character file.

Game seed: 3112669773629959754

119 IdlyInterested the Poker (level 4, -3/34 HPs)
             Began as a Demonspawn Gladiator on May 25, 2023.
             Splashed by a jelly's acid (9 damage)
             ... on level 4 of the Dungeon.
             The game lasted 00:11:25 (2850 turns).

IdlyInterested the Poker (Demonspawn Gladiator)     Turns: 2850, Time: 00:11:26

Health: -3/34      AC: -5    Str: 14    XL:     4   Next: 74%
Magic:  4/4        EV: 10    Int: 12    God:
Gold:   97         SH:  0    Dex: 14    Spells: 0/3 levels left

rFire   . . .        u - +4 spear
rCold   . . .        (no shield)
rNeg    + . .        r - +0 scale mail
rPois   .            c - +0 helmet
rElec   .            (no cloak)
rCorr   .            (no gloves)
SInv    +            z - +0 pair of boots
Will    .....        (no amulet) Stlth
                     o - ring of positive energy
HPRegen 0.25/turn    y - ring of see invisible
MPRegen 0.09/turn

%: no passive effects
@: corroded
A: slimy green scales 1, foul stench 1
a: no special abilities


You were on level 4 of the Dungeon.
You visited 1 branch of the dungeon, and saw 4 of its levels.

You collected 97 gold pieces.

Inventory:

Hand Weapons
 a - a +0 trident
 u - a +4 spear (weapon)
Missiles
 d - 3 throwing nets (quivered)
 e - 5 javelins
Armour
 b - a +0 leather armour
 c - a +0 helmet (worn)
 r - a +0 scale mail (worn)
 z - a +0 pair of boots (worn)
 A - a +0 plate armour
Jewellery
 o - a ring of positive energy (left hand)
 s - a ring of ice
 y - a ring of see invisible (right hand)
Scrolls
 f - a scroll of butterflies
 k - a scroll of fog
 l - 3 scrolls of teleportation
 m - a scroll of immolation {unknown}
 n - a scroll of torment {unknown}
 x - a scroll of poison {unknown}
Potions
 g - a potion of curing {unknown}
 h - a potion of brilliance
 i - a potion of haste
 j - a potion of resistance {unknown}
 p - a potion of mutation
 q - a potion of enlightenment
 t - a potion of attraction
 v - a potion of lignification {unknown}
 w - a potion of cancellation


   Skills:
 + Level 2.8 Fighting
 * Level 3.9 Polearms
 - Level 1.7 Throwing
 - Level 1.0 Armour
 - Level 2.6 Dodging
 - Level 1.0 Stealth
 - Level 1.0 Transmutations
 + Level 0.5 Fire Magic
 + Level 0.2 Evocations


You couldn't memorise any spells.
You knew the following spells:

 Your Spells              Type           Power      Damage    Failure   Level
a - Ignite Poison         Fire/Tmut/Pois 1%         N/A       98%         3

Your spell library contained the following spells:

 Spells                   Type           Power      Damage    Failure   Level
 Animate Armour           Summ/Erth      0%         N/A       100%        4
 Sticky Flame             Conj/Fire      0%         2d3       100%        4
 Summon Lightning Spire   Summ/Air       0%         N/A       100%        4
 Blade Hands              Tmut           1%         N/A       100%        5
 Ignition                 Fire           0%         3d3       100%        8


Dungeon Overview and Level Annotations

Branches:
Dungeon (4/15)
 Temple: D:4-7

Altars:
Kikubaaqudgha


Innate Abilities, Weirdness & Mutations

You are partially covered in slimy green scales. (AC +2)
You may rarely emit foul miasma when damaged in melee.


Message History

There is an escape hatch in the ceiling here.
A mysterious force pulls you upwards. The hatch slams shut behind you.
You see here a ball python skeleton.
There is a stone staircase leading down here.
You climb downwards.
There is a stone staircase leading up here.
Okay, then.
Okay, then.
Found a stone staircase leading down.
A jelly comes into view.
The jelly quivers.
The jelly moves out of view.
Reach: u) +4 spear
Press: ? - help, Dir - move target, f - jelly
Aim: a jelly (about 9% to evade your +4 spear)
You reach to attack!
You puncture the jelly!
The jelly is heavily wounded.
You hit the jelly. The acid corrodes you!
Your hands burn!
The jelly is heavily wounded.
The jelly hits you but does no damage.
You hit the jelly.
Your hands burn!
The jelly is severely wounded.
The jelly barely misses you.
You hit the jelly but do no damage.
Your hands burn!
The jelly is severely wounded.
The jelly hits you. The acid corrodes you!
You are splashed with acid!
You hit the jelly. The acid corrodes you!
Your hands burn!
The jelly is almost dead.
The jelly barely misses you.
You hit the jelly. The acid corrodes you!
Your hands burn!
* * * LOW HITPOINT WARNING * * *
The jelly is almost dead.
The jelly barely misses you.
You hit the jelly but do no damage.
Your hands burn!
* * * LOW HITPOINT WARNING * * *
The jelly is almost dead.
The jelly hits you.
* * * LOW HITPOINT WARNING * * *
The acid corrodes you!
You are splashed with acid!
You die...

........#.
..........
......#...
....###..## ...#
#...# .## ###.(#
##..# ...# #...
####..## ....##..###
#>..J..#
..........####.#@.##
.....)......#..##.#
............<.## ..#
..............# .##
........#....## ..
........#.....# #.
......##.......# ..
##....##......... .#
.................#


You could see a jelly.

Vanquished Creatures
  An orc wizard (D:3)
  An adder (D:2)
  2 dart slugs (D:1)
  7 orcs
  4 bats
  10 endoplasms
  8 giant cockroaches
  3 goblins
  4 hobgoblins
  4 jackals (D:3)
  2 kobolds
  4 quokkas
  6 ball pythons
  4 frilled lizards
  8 rats
68 creatures vanquished.

Notes
Turn   | Place    | Note
-------+----------+-------------------------------------------
     0 | D:1      | IdlyInterested the Demonspawn Gladiator began the quest for
                  | the Orb.
     0 | D:1      | Reached XP level 1. HP: 16/16 MP: 1/1
   168 | D:1      | Reached skill level 3 in Polearms
   266 | D:1      | Gained mutation: You may rarely emit foul miasma when
                  | damaged in melee. [demonic ancestry]
   266 | D:1      | Reached XP level 2. HP: 10/22 MP: 2/2
   662 | D:1      | Reached skill level 1 in Armour
   908 | D:1      | Reached XP level 3. HP: 28/28 MP: 3/3
  1984 | D:3      | Found a faded altar of an unknown god.
  2025 | D:3      | Gained mutation: You are partially covered in slimy green
                  | scales. (AC +2) [demonic ancestry]
  2025 | D:3      | Reached XP level 4. HP: 34/34 MP: 4/4
  2036 | D:3      | Reached skill level 1 in Transmutations
  2200 | D:2      | Learned a level 3 spell: Ignite Poison
  2268 | D:3      | Reached skill level 1 in Stealth
  2589 | D:3      | Found an ancient bone altar of Kikubaaqudgha.
  2850 | D:4      | Splashed by a jelly's acid

Illustrated notes

Levels and vault maps discovered:
D:1:      spicycebolla_arrival_xxxplode, layout_loops_corners
D:2:      layout_basic, roderic_lattice_a
D:3:      layout_rooms, mainiacjoe_overflow_surrounded_room,
          basic_ecumenical_altar, chequers_arboretum
D:4:      layout_cave_pools, nicolae_overflow_crystal_walls

Skill      XL: |  1  2  3  4 |
---------------+-------------+-----
Polearms       | 3 |  3.9
Armour         | 1 |  1.0
Transmutations | 1 |  1.0
Stealth        | 1 |  1.0
Fighting       | |  2.8
Throwing       | |  1.7
Dodging        | |  2.6
Fire Magic     | |  0.5
Evocations     | |  0.2

Action                     |  1- 3 |  4- 6 || total
---------------------------+-------+-------++-------
  Melee: Trident           |   125 |       ||   125
         Punch             |     2 |     1 ||     3
         Spear             |    25 |    67 ||    92
    Use: Scroll            |       |     9 ||     9
         Potion            |       |     1 ||     1
   Stab: Sleeping          |     2 |       ||     2
         Distracted        |     1 |       ||     1
 Armour: Leather armour    |    30 |       ||    30
         Scale mail        |    20 |    36 ||    56
  Dodge: Dodged            |    96 |    46 ||   142

Table legend: (Time is in decaauts)
 A = Elapsed time spent in this place.
 B = Non-inter-level travel time spent in this place.
 C = Inter-level travel time spent in this place.
 D = Time resting spent in this place.
 E = Time spent auto-exploring this place.
 F = Levels seen in this place.
 G = Mean time per level.
                   A        B        C        D        E       F      G
               +--------+--------+--------+--------+--------+-----+--------+
         Total |   2841 |   2511 |    330 |    230 |   1491 |   4 |  710.2 |
       Dungeon |   2841 |   2511 |    330 |    230 |   1491 |   4 |  710.2 |
               +--------+--------+--------+--------+--------+-----+--------+

Top non-repeatable levels by time:
     D:1: 1136 daAuts
     D:2: 925 daAuts
     D:3: 681 daAuts
     D:4: 96 daAuts
